 Dungeon Crawl Stone Soup version 0.19.1 (webtiles) character file.

74 sveltemanboy the Chopper (level 4, -4/39 HPs)
             Began as a Hill Orc Monk on Dec 11, 2016.
             Killed by nerve-wracking pain
             ... invoked by Grinder
              (13 damage)
             ... on level 3 of the Dungeon.
             The game lasted 00:04:22 (1664 turns).

sveltemanboy the Chopper (Hill Orc Monk)            Turns: 1664, Time: 00:04:22

Health: -4/39      AC:  6    Str: 14    XL:     4   Next: 30%
Magic:  4/4        EV: 10    Int: 10    God:
Gold:   142        SH:  0    Dex: 17    Spells: 0 memorised, 3 levels left

rFire  . . .     SeeInvis .     a - +0 hand axe
rCold  + . .     Gourm    .     m - +0 scale mail
rNeg   . . .     Faith    .     (no shield)
rPois  .         Spirit   .     (no helmet)
rElec  .         Reflect  .     (no cloak)
rCorr  .         Harm     .     (no gloves)
MR     .....     Rnd*Rage +     (no boots)
Stlth  +.........               (no amulet)
                                (no ring)
                                e - +4 ring of dexterity

@: no status effects
A: berserk 1, cold resistance 1, wild magic 1
a: no special abilities


You were on level 3 of the Dungeon.
You were hungry.

You visited 1 branch of the dungeon, and saw 3 of its levels.

You collected 142 gold pieces.

Inventory:

Hand Weapons
 a - a +0 hand axe (weapon)
Armour
 m - a +0 scale mail (worn)
Jewellery
 e - a +4 ring of dexterity (left hand)
Scrolls
 b - 2 scrolls of blinking {unknown}
 d - 5 scrolls of identify {unknown}
 g - a scroll of amnesia {unknown}
 h - a scroll of teleportation {unknown}
 j - a scroll of fog {unknown}
 k - a scroll of enchant armour {unknown}
Comestibles
 c - 5 bread rations
 p - a slice of pizza


   Skills:
 - Level 3.6 Fighting
 * Level 5.7 Axes
 + Level 2.5 Armour
 - Level 2.4 Dodging
 - Level 1.5 Stealth


You had 3 spell levels left.
You didn't know any spells.

Dungeon Overview and Level Annotations

Branches:
Dungeon (3/15)

Altars:

Annotations:
D:3 Grinder


Innate Abilities, Weirdness & Mutations

You tend to lose your temper in combat.
Your flesh is cold resistant. (rC+)
Your spells are a little harder to cast, but a little more powerful.


Message History

Grinder hits you!
* * * LOW HITPOINT WARNING * * *
You writhe in agony.
* * * LOW HITPOINT WARNING * * *
Grinder says, "You look like you could use a good racking."
Grinder hits you but does no damage. Grinder completely misses you.
You can move again.
You feel better. Grinder closely misses you.
You are too injured to fight recklessly!
You are too injured to fight recklessly!
You are too injured to fight recklessly!
You hit Grinder.
Grinder is almost dead.
Grinder blinks!
You hit Grinder.
Grinder is almost dead.
Grinder gestures at you. Pain shoots through your body!
You die...

######## #......#
####.####.##########
#..........(....K...
#.##.##..(##(.#####
#.##....)5##..####
#.#####.#.@......#
#.#####.####..##.#
#....##.# #..# #
####.##.. ..... ###
#.##.. ...##.
##<###.##.. ...# #
##.#.##.# ##.###.#.#
#.## ##..#


You could see Grinder.

Vanquished Creatures
  2 adders (D:2)
  An ooze (D:3)
  A worm (D:2)
  A dart slug (D:2)
  4 bats (D:2)
  5 giant cockroaches
  4 goblins
  9 hobgoblins
  2 jackals (D:2)
  A ball python (D:1)
  4 frilled lizards
  6 kobolds
  2 rats (D:1)
42 creatures vanquished.

Vanquished Creatures (others)
  5 toadstools (D:1)
5 creatures vanquished.

Grand Total: 47 creatures vanquished

Notes
Turn   | Place    | Note
-------+----------+-------------------------------------------
     0 | D:1      | sveltemanboy the Hill Orc Monk began the quest for the Orb.
     0 | D:1      | Reached XP level 1. HP: 19/19 MP: 1/1
   356 | D:1      | Reached XP level 2. HP: 21/26 MP: 2/2
   605 | D:1      | Reached skill level 1 in Armour
   835 | D:2      | Reached skill level 5 in Axes
   835 | D:2      | Reached XP level 3. HP: 29/31 MP: 3/3
  1310 | D:2      | Reached XP level 4. HP: 39/39 MP: 4/4
  1584 | D:3      | Noticed Grinder
  1613 | D:3      | Paralysed by Grinder for 3 turns
  1623 | D:3      | Gained mutation: Your spells are a little harder to cast, but a little more powerful. [potion of mutation]
  1623 | D:3      | Gained mutation: You tend to lose your temper in combat. [potion of mutation]
  1623 | D:3      | Gained mutation: Your flesh is cold resistant. (rC+) [potion of mutation]
  1637 | D:3      | Paralysed by Grinder for 3 turns
  1648 | D:3      | Paralysed by Grinder for 4 turns
  1656 | D:3      | Paralysed by Grinder for 5 turns
  1658 | D:3      | HP: 1/39 [Grinder (3)]
  1664 | D:3      | Killed from afar by Grinder

Skill      XL: |  1  2  3 |
---------------+----------+-----
Armour         | 1 2 |  2.5
Axes           | 5 |  5.7
Fighting       | |  3.6
Dodging        | |  2.4
Stealth        | |  1.5

Action                   |  1- 3 |  4- 6 || total
-------------------------+-------+-------++-------
Melee: Hand axe          |    94 |    68 ||   162
  Use: Potion            |     2 |     4 ||     6
 Stab: Sleeping          |     2 |       ||     2
  Eat: Chunk             |     1 |     1 ||     2
Armor: Leather armour    |    17 |       ||    17
       Scale mail        |     1 |    13 ||    14
       Skin              |       |    18 ||    18
Dodge: Dodged            |    68 |    22 ||    90
